 Dungeon Crawl Stone Soup version 0.30-b1-2-g02819fbbbe (webtiles) character file.

Game seed: 15050324310865129657

8659 Mesmaeker13 the Frost Mage (level 10, -9/69 HPs)
             Began as a Demigod Ice Elementalist on July 10, 2023.
             Mangled by Snorg (18 damage)
             ... on level 10 of the Dungeon.
             The game lasted 00:24:21 (12196 turns).

Mesmaeker13 the Frost Mage (DgIE)                  Turns: 12196, Time: 00:24:21

Health: -9/69      AC:  7    Str: 19    XL:     10   Next: 89%
Magic:  20/25      EV: 13    Int: 25    God:
Gold:   493        SH:  5    Dex: 14    Spells: 7/23 levels left

rFire   + + .        M - +1 war axe (elec)
rCold   + . .        (no shield)
rNeg    . . .        H - +1 leather armour {rF+}
rPois   .            I - +0 hat
rElec   .            E - +0 cloak
rCorr   .            (no gloves)
SInv    .            D - +0 pair of boots
Will    ++...        y - amulet of Psychosis {Reflect rF+ rC+ Will+ SH+5}
Stlth   ++           v - +6 ring of strength
HPRegen 0.31/turn    (no ring)
MPRegen 0.19/turn

%: reflection
@: freezing walls
A: high MP 1, forlorn, divine attributes
a: no special abilities


You were on level 10 of the Dungeon.
You visited 1 branch of the dungeon, and saw 10 of its levels.

You collected 493 gold pieces.

Inventory:

Hand Weapons
 f - a +4 spear of flaming
 M - a +1 war axe of electrocution (weapon)
Missiles
 c - 11 poisoned darts
 A - a curare-tipped dart (quivered)
Armour
 D - a +0 pair of boots (worn)
 E - a +0 cloak (worn)
 H - a +1 leather armour of fire resistance (worn)
 I - a +0 hat (worn)
Jewellery
 i - a ring of positive energy
 p - an amulet of magic regeneration
 v - a +6 ring of strength (left hand)
 y - the amulet of Psychosis (around neck) {Reflect rF+ rC+ Will+ SH+5}
   (You found it on level 4 of the Dungeon)

   [amulet of reflection]

   It reflects blocked missile attacks.
   rF:        It protects you from fire.
   rC:        It protects you from cold.
   SH:        It affects your SH (+5).
   Will:      It increases your willpower.
 G - a ring of fire
 J - an amulet of the acrobat
Wands
 d - a wand of paralysis (4)
 o - a wand of flame (3)
 r - a wand of polymorph (8)
 w - a wand of digging (4)
 L - a wand of roots (2)
Scrolls
 a - 2 scrolls of fog
 e - 2 scrolls of vulnerability
 g - 3 scrolls of noise
 l - a scroll of amnesia
 m - a scroll of poison {unknown}
 n - 2 scrolls of fear
 q - 2 scrolls of teleportation
 s - a scroll of enchant armour
 z - a scroll of enchant weapon {unknown}
 F - 2 scrolls of immolation
 N - a scroll of acquirement {unknown}
Potions
 b - a potion of magic
 h - 3 potions of flight
 j - 4 potions of might
 k - 7 potions of curing
 t - a potion of mutation {unknown}
 u - 4 potions of attraction
 x - 2 potions of cancellation {unknown}
 B - a potion of brilliance {unknown}
 C - 2 potions of degeneration {unknown}
 K - 2 potions of ambrosia
 O - a potion of lignification {unknown}


   Skills:
 - Level 7.0 Armour
 - Level 4.1 Dodging
 - Level 1.7 Stealth
 - Level 7.4 Spellcasting
 + Level 7.2 Summonings
 * Level 2.4 Translocations
 + Level 9.0 Ice Magic


You had 7 spell levels left.
You knew the following spells:

 Your Spells              Type           Power      Damage    Failure   Level
a - Freeze                Ice            100%       1d10      1%          1
b - Frozen Ramparts       Ice            100%       1d16      1%          3
c - Summon Ice Beast      Ice/Summ       50%        N/A       2%          4
d - Ozocubu's Armour      Ice            53%        N/A       1%          3
e - Summon Forest         Summ/Tloc      16%        N/A       28%         5

Your spell library contained the following spells:

 Spells                   Type           Power      Damage    Failure   Level
 Vhi's Electric Charge    Tloc/Air       30%        N/A       13%         3
 Tukima's Dance           Hex            9%         N/A       22%         3
 Passage of Golubria      Tloc           21%        N/A       26%         4
 Summon Mana Viper        Hex/Summ       27%        N/A       41%         5
 Summon Cactus Giant      Summ           22%        N/A       50%         6
 Arcjolt                  Conj/Air       4%         1d14      90%         5
 Silence                  Hex/Air        4%         N/A       90%         5
 Yara's Violent Unravell  Hex/Tmut       4%         3d4       90%         5
 Lehudib's Crystal Spear  Conj/Erth      4%         10d3      100%        8
 Maxwell's Capacitive Co  Air            4%         ∞         100%        8


Dungeon Overview and Level Annotations

Branches:
Dungeon (10/15)            Temple (0/1) D:5
   Lair: D:8-11         Orc: D:9-12

Annotations:
D:6 1 transporter, LordXaan's ghost, novice DECj
D:10 Snorg


Innate Abilities, Weirdness & Mutations

You have an increased reservoir of magic. (+10% MP)
You shall have no god before yourself.
Your divine heritage dramatically boosts your attributes as you level up.


Message History

Press: ? - help, Shift-Dir - straight line, f/p - Snorg
Aim: Snorg (lightly wounded, poisoned, chance to affect: 17%) Snorg resists with almost no effort.
The wall freezes Snorg.
Unknown command.
Aiming: Paralyse
Press: ? - help, Shift-Dir - straight line, f/p - Snorg
Aim: Snorg (lightly wounded, poisoned, chance to affect: 17%) Snorg resists with almost no effort.
The wall freezes Snorg!
You block Snorg's attack. Snorg claws you! You block Snorg's attack.
Unknown command.
Casting: Frozen Ramparts (safe; 1% risk of failure)
Confirm with . or Enter, or press ? or * to list all spells.
Aiming: Freeze (safe; 1% risk of failure)
Press: ? - help, Shift-Dir - straight line, f/p - Snorg
Aim: Snorg (lightly wounded, poisoned)
You freeze Snorg.
Snorg is moderately wounded.
The wall freezes Snorg!
Snorg goes berserk!
Unknown command.
Casting: Freeze (safe; 1% risk of failure)
Confirm with . or Enter, or press ? or * to list all spells.
Aiming: Freeze (safe; 1% risk of failure)
Press: ? - help, Shift-Dir - straight line, f/p - Snorg
Aim: Snorg (moderately wounded, berserk, poisoned)
You freeze Snorg.
Snorg is moderately wounded.
The wall freezes Snorg.
Snorg bites you! Snorg claws you! Snorg misses you.
The wall freezes Snorg.
You block Snorg's attack. Snorg claws you! x2
* * * LOW HITPOINT WARNING * * *
Casting: Freeze (safe; 1% risk of failure)
Confirm with . or Enter, or press ? or * to list all spells.
Aiming: Freeze (safe; 1% risk of failure)
Press: ? - help, Shift-Dir - straight line, f/p - Snorg
Aim: Snorg (moderately wounded, berserk, poisoned)
You freeze Snorg.
Snorg is heavily wounded.
The wall freezes Snorg.
Snorg completely misses you. Snorg claws you.
* * * LOW HITPOINT WARNING * * *
Snorg claws you!!
You die...

......#....#..#...........#
....(.'...[#..#...........#
......#....#..#...........# .
......######..#...........######.
..............##########.........
.......................#.........
.......................#.........
.......................#####.)...
................@T.....(...#.....
.........######'####.......######
####.....#.........#..........
#.....#.........#...(......
#..[....>.#......(...
#.........#..........
#.........#..........
###########.......... ...........


You could see Snorg (berserk, poisoned).

Vanquished Creatures
  A cyclops (D:10)
  A molten gargoyle (D:9)
  A hornet (D:9)
  A spriggan (D:7)
  18 yaks
  Duvessa (D:6)
  An orc warrior (D:10)
  2 sky beasts (D:7)
  An ice beast (D:7)
  2 black bears
  2 kobold brigands (D:8)
  A gnoll sergeant (D:8)
  5 scorpions
  13 wights
  Dowan (D:6)
  12 killer bees
  5 howler monkeys
  2 gnoll boudas
  8 orc priests
  3 hounds
  4 jellies
  4 iguanas
  8 orc wizards
  17 gnolls
  8 adders
  A white imp (D:6)
  An ufetubus (D:4)
  A worm (D:3)
  4 dart slugs
  21 orcs
  3 bats
  5 endoplasms
  A giant cockroach (D:1)
  9 goblins
  6 hobgoblins
  3 jackals (D:3)
  18 kobolds
  7 quokkas
  7 ball pythons
  2 frilled lizards
  7 rats
218 creatures vanquished.

Vanquished Creatures (collateral kills)
  2 molten gargoyles (D:9)
  A yak (D:8)
  A wyvern (D:9)
  A wraith (D:10)
  An ice beast (D:7)
  5 wights
  A killer bee (D:9)
12 creatures vanquished.

Vanquished Creatures (others)
  7 plants (D:7)
7 creatures vanquished.

Grand Total: 237 creatures vanquished

Notes
Turn   | Place    | Note
-------+----------+-------------------------------------------
     0 | D:1      | Mesmaeker13 the Demigod Ice Elementalist began the quest
                  | for the Orb.
     0 | D:1      | Reached XP level 1. HP: 14/14 MP: 5/5
   122 | D:1      | Reached XP level 2. HP: 17/20 MP: 0/7
   818 | D:2      | Reached skill level 4 in Ice Magic
   885 | D:2      | Reached XP level 3. HP: 26/26 MP: 9/9
   891 | D:2      | Learned a level 3 spell: Frozen Ramparts
  2046 | D:3      | Reached XP level 4. HP: 33/33 MP: 8/10
  2617 | D:4      | Reached XP level 5. HP: 27/38 MP: 7/12
  2857 | D:4      | Identified the amulet of Psychosis {Reflect rF+ rC+ Will+
                  | SH+5}
  3127 | D:4      | Reached XP level 6. HP: 42/45 MP: 7/14
  3450 | D:4      | Learned a level 4 spell: Summon Ice Beast
  3451 | D:5      | Entered Level 5 of the Dungeon
  3670 | D:5      | Reached skill level 5 in Ice Magic
  3821 | D:5      | Reached skill level 1 in Armour
  3821 | D:5      | Reached skill level 1 in Summonings
  4267 | D:5      | Found a staircase to the Ecumenical Temple.
  4671 | D:5      | Reached XP level 7. HP: 48/50 MP: 12/16
  5219 | D:6      | You fall into a shaft and drop 2 floors!
  5738 | D:6      | Noticed LordXaan's ghost (novice DECj)
  5740 | D:6      | Found a transporter.
  5740 | D:6      | Identified the +8 dire flail of the Lame Duck {drain, rCorr
                  | Stlth+}
  5740 | D:6      | Noticed a two-headed ogre
  5784 | D:6      | Noticed Dowan
  5796 | D:6      | Killed Dowan
  6005 | D:6      | Reached XP level 8. HP: 51/57 MP: 10/18
  6025 | D:6      | Reached skill level 6 in Ice Magic
  6507 | D:6      | Noticed Duvessa
  6513 | D:6      | Killed Duvessa
  6795 | D:7      | Reached skill level 5 in Spellcasting
  7729 | D:7      | Reached XP level 9. HP: 55/62 MP: 18/21
  7957 | D:7      | Reached skill level 7 in Ice Magic
  8295 | D:8      | Reached skill level 5 in Armour
  8295 | D:8      | Reached skill level 5 in Summonings
  9346 | D:9      | Reached XP level 10. HP: 66/69 MP: 19/24
  9458 | D:9      | Noticed a two-headed ogre
  9580 | D:9      | Reached skill level 8 in Ice Magic
 10339 | D:9      | Paralysed by a hornet for 1 turns
 10379 | D:9      | Learned a level 3 spell: Ozocubu's Armour
 11394 | D:9      | Learned a level 5 spell: Summon Forest
 11396 | D:10     | Entered Level 10 of the Dungeon
 11719 | D:10     | Reached skill level 1 in Translocations
 11822 | D:10     | Noticed a cyclops
 11839 | D:10     | Killed a cyclops
 12077 | D:10     | Reached skill level 9 in Ice Magic
 12175 | D:10     | Noticed Snorg
 12196 | D:10     | Mangled by Snorg

Illustrated notes

Levels and vault maps discovered:
D:1:      co_arrival_square_in_a_square_in_a_square, layout_rooms
D:2:      layout_loops_ring
D:3:      layout_loops_ring, grunt_gozag_breadcrumbs, minmay_door_square,
          minmay_fractal_squares_gapless_5
D:4:      layout_basic, mainiacjoe_overflow_alcove_1
D:5:      wander_river, layout_layer_cave, nicolae_elyvilon_peaceful_grove,
          mainiacjoe_overflow_big_doors, minmay_temple_entry_hall
D:6:      layout_loops_ring, nicolae_ru_great_annihilating_truth,
          gammafunk_ghost_smash, palyth_stone_intersect,
          kennysheep_generic_room_6, uniq_duvessa
D:7:      layout_rooms, serial_bayou_pond_a, grunt_ministairs_8, chequers_jeans,
          hangedman_decor_peaks_small, grunt_decor_cap, the_hattery
D:8:      layout_loops_cross, minmay_misc_feat_square
D:9:      layout_loops_corners, enter_bailey_2, minivault_8
D:10:     layout_irregular_city, dpeg_lair_monsters, nrook_campfire, uniq_snorg

Skill      XL: |  1  2  3  4  5  6  7  8  9 10 |
---------------+-------------------------------+-----
Dodging        | 2 3 4 |  4.1
Spellcasting   | 2 3 4 5 6 7 |  7.4
Ice Magic      | 4 5 6 7 9 |  9.0
Armour         | 1 3 4 6 7 |  7.0
Summonings     | 1 3 4 6 7 |  7.2
Translocations | 2 |  2.4
Stealth        | |  1.7

Action                     |  1- 3 |  4- 6 |  7- 9 | 10-12 || total
---------------------------+-------+-------+-------+-------++-------
  Melee: Club              |     5 |       |       |       ||     5
         Unarmed           |     5 |       |       |       ||     5
         Dagger            |    34 |     8 |       |       ||    42
         Short sword       |       |     5 |     1 |       ||     6
         Falchion          |       |       |    35 |       ||    35
         War axe           |       |       |    27 |    36 ||    63
         Punch             |       |       |     1 |       ||     1
  Throw: Dart              |       |     8 |    17 |     3 ||    28
   Cast: Freeze            |    63 |    73 |   112 |    52 ||   300
         Frozen Ramparts   |     2 |    13 |    40 |    15 ||    70
         Summon Ice Beast  |       |       |    18 |    13 ||    31
         Ozocubu's Armour  |       |       |       |     9 ||     9
  Evoke: Wand              |       |       |     8 |    16 ||    24
    Use: Scroll            |       |     8 |     8 |     4 ||    20
         Potion            |       |       |     1 |     4 ||     5
   Stab: Paralysed         |       |       |     7 |     2 ||     9
 Armour: Robe              |    19 |       |       |       ||    19
         Leather armour    |       |     9 |    31 |    17 ||    57
  Dodge: Dodged            |    54 |    34 |    93 |    42 ||   223
  Block: Other             |       |     6 |    50 |    13 ||    69
         Reflection        |       |       |     3 |       ||     3
